 Dungeon Crawl Stone Soup version 0.30-a0-779-g7971cf19c3 (webtiles) character file.

Game seed: 15043078538655120358

342 DEFE the Cudgeller (level 6, -4/70 HPs)
             Began as a Demonspawn Wanderer on Feb 17, 2023.
             Was an Initiate of Okawaru.
             Slain by a gnoll
             ... wielding a +0 whip
             ... led by a gnoll sergeant
              (8 damage)
             ... on level 4 of the Dungeon.
             The game lasted 00:03:34 (2838 turns).

DEFE the Cudgeller (Demonspawn Wanderer)            Turns: 2838, Time: 00:03:35

Health: -4/70      AC: 16    Str: 11    XL:     6   Next: 30%
Magic:  9/9        EV:  1    Int: 14    God:    Okawaru [......]
Gold:   251        SH:  5    Dex: 15    Spells: 8/9 levels left

rFire   . . .      SeeInvis .    o - +0 morningstar (flame)
rCold   . . .      Faith    .    c - +0 buckler {AC+3}
rNeg    . . .      Spirit   .    k - +0 plate armour
rPois   .          Reflect  .    (helmet restricted)
rElec   .          Harm     .    (no cloak)
rCorr   .          Rampage  .    (no gloves)
Will    .....                    l - +0 pair of boots Stlth
                                 (no amulet)
HPRegen 0.31/turn                (no ring)
MPRegen 0.11/turn                (no ring)

@: berserking (expiring), lethally poisoned (-4 -> -13), very quick
A: antennae 1, molten scales 1
a: Renounce Religion


You were on level 4 of the Dungeon.
You worshipped Okawaru.
Okawaru was noncommittal.
You visited 2 branches of the dungeon, and saw 6 of its levels.

You collected 251 gold pieces.

Inventory:

Hand Weapons
 a - a +0 dagger
 m - a +0 hand axe
 o - a +0 morningstar of flaming (weapon)
Missiles
 b - 17 poisoned darts (quivered)
Armour
 c - a +0 buckler of protection (worn)
 e - a +0 robe
 k - a +0 plate armour (worn)
 l - a +0 pair of boots (worn)
Jewellery
 r - a ring of fire
 s - an amulet of the acrobat
Scrolls
 f - a scroll of torment
 i - a scroll of enchant armour
 n - 2 scrolls of teleportation
 p - a scroll of enchant weapon
 u - a scroll of silence
Potions
 g - 2 potions of lignification {unknown}
 j - 4 potions of mutation {unknown}
 q - a potion of flight {unknown}
 t - a potion of heal wounds {unknown}
 v - a potion of invisibility {unknown}


   Skills:
 - Level 3.6 Fighting
 + Level 4.5 Maces & Flails
 - Level 1.7 Throwing
 - Level 1.7 Stealth
 - Level 2.6 Shields
 - Level 2.0 Spellcasting
 - Level 1.0 Translocations


You had 8 spell levels left.
You knew the following spells:

 Your Spells              Type           Power      Damage    Failure   Level
a - Apportation           Tloc           8%         N/A       100%        1

Your spell library contained the following spells:

 Spells                   Type           Power      Damage    Failure   Level
 Blink                    Tloc           8%         N/A       100%        2
 Ensorcelled Hibernation  Hex/Ice        2%         N/A       100%        2
 Passwall                 Tmut/Erth      0%         N/A       100%        2
 Kindle Blastsparks       Fire/Tloc/Air  4%         2d10      100%        3
 Swiftness                Air            1%         N/A       100%        3
 Manifold Assault         Tloc           4%         N/A       100%        4
 Storm Form               Tmut/Air       0%         N/A       100%        7


Dungeon Overview and Level Annotations

Branches:
Dungeon (5/15)             Temple (1/1) D:4

Altars:
Ashenzari
Dithmenos
Hepliaklqana
Makhleb
Nemelex Xobeh
Okawaru
Qazlal
Ru
Sif Muna
Trog
Uskayaw
Vehumet
Xom
Yredelemnul

Shops:
D:1 (   D:2 :


Innate Abilities, Weirdness & Mutations

You have a pair of small antennae on your head.
You are partially covered in molten scales. (AC +2)


Message History

The gnoll hits you but does no damage. The adder bites you but does no damage.
You are too injured to fight recklessly!
You take 9 damage, and have 21/70 hp.
You barely miss the adder.
You feel very sick.
The gnoll sergeant hits you from afar with a +3 spear of venom.
* * * LOW HITPOINT WARNING * * *
You are lethally poisoned!
The gnoll hits you but does no damage. You block the gnoll's attack.
The adder bites you but does no damage.
You take 4 damage, and have 17/70 hp.
Unknown command.
You are too injured to fight recklessly!
You hit the adder. You burn the adder.
* * * LOW HITPOINT WARNING * * *
You feel very sick. The adder bites you but does no damage.
The gnoll sergeant hits you from afar with a +3 spear of venom.
* * * LOW HITPOINT WARNING * * *
You block the gnoll's attack. The gnoll hits you but does no damage.
You are too injured to fight recklessly!
Unknown command.
You take 5 damage, and have 12/70 hp.
You barely miss the adder.
* * * LOW HITPOINT WARNING * * *
You feel very sick. The adder bites you but does no damage.
The gnoll sergeant hits you from afar with a +3 spear of venom.
* * * LOW HITPOINT WARNING * * *
The gnoll hits you but does no damage. x2
You are too injured to fight recklessly!
Unknown command.
You take 5 damage, and have 7/70 hp.
You thump the adder! You burn the adder.
You kill the adder!
Okawaru accepts your kill.
* * * LOW HITPOINT WARNING * * *
You feel very sick. You block the gnoll sergeant's attack.
The gnoll hits you with a +0 whip!
You die...

#......................
#...........#(#.#.#.#..
######.####............
#....#...#.......#..
#....#.#............
#........#...>...#..
#.....##......†.....
#..gg.##.#.......#..
#..@.g.#............
#..##g...#.#.#.#.#..
#.# #...............
... ##)..######.....
... #...# .#..# #.(..
#g..# ## ## #... ....#
#... ###... ...>.


You could see a gnoll sergeant and 3 gnolls.

Vanquished Creatures
  A black bear (D:5)
  A hound (D:4)
  Natasha (twice) (D:2)
  An iguana (D:5)
  A gnoll (D:4)
  6 adders
  2 worms (D:2)
  12 orcs
  4 endoplasms
  3 giant cockroaches
  4 goblins
  6 hobgoblins
  9 jackals
  3 quokkas
  7 ball pythons
  3 bats
  2 frilled lizards (D:3)
  5 kobolds
  7 rats
79 creatures vanquished.

Notes
Turn   | Place    | Note
-------+----------+-------------------------------------------
     0 | D:1      | DEFE the Demonspawn Wanderer began the quest for the Orb.
     0 | D:1      | DEFE set off with the following items: a +0 dagger, 9
                  | poisoned darts, a +0 buckler of protection, a potion of
                  | berserk rage, a +0 robe; and the following spell memorised:
                  | Apportation; and the following spells available to
                  | memorise: Kindle Blastsparks.
     0 | D:1      | Reached XP level 1. HP: 13/13 MP: 3/3
    19 | D:1      | Reached skill level 1 in Fighting
   151 | D:1      | Gained mutation: You have a pair of small antennae on your
                  | head. [demonic ancestry]
   151 | D:1      | Reached XP level 2. HP: 22/22 MP: 5/5
   229 | D:1      | Found a faded altar of an unknown god.
   371 | D:1      | Found Quplupiu's Weapon Shop.
   843 | D:2      | Noticed Natasha
   857 | D:2      | Noticed a crimson imp
   857 | D:2      | Killed Natasha
   858 | D:2      | Gained mutation: You are partially covered in molten
                  | scales. (AC +2) [demonic ancestry]
   858 | D:2      | Reached XP level 3. HP: 19/29 MP: 6/6
  1165 | D:2      | Reached XP level 4. HP: 27/36 MP: 7/7
  1392 | D:2      | Found Viudaon's Book Shoppe.
  1583 | D:2      | Reached skill level 1 in Maces & Flails
  1760 | D:2      | Noticed Natasha
  1766 | D:2      | Killed Natasha
  1869 | D:3      | Reached skill level 2 in Maces & Flails
  2091 | D:3      | Reached XP level 5. HP: 11/41 MP: 8/8
  2441 | D:3      | You fall into a shaft and drop 2 floors!
  2441 | D:5      | Entered Level 5 of the Dungeon
  2511 | D:5      | Noticed a black bear
  2518 | D:5      | Killed a black bear
  2519 | D:5      | Reached skill level 3 in Maces & Flails
  2536 | D:5      | Reached skill level 4 in Maces & Flails
  2536 | D:5      | Reached XP level 6. HP: 47/47 MP: 9/9
  2705 | D:4      | Found a staircase to the Ecumenical Temple.
  2722 | Temple   | Entered the Ecumenical Temple
  2760 | Temple   | Became a worshipper of Warmaster Okawaru
  2838 | D:4      | Slain by a gnoll

Illustrated notes

Levels and vault maps discovered:
D:1:      dpeg_arrival_stonehenge_12_columns, layout_basic, serial_shops,
          nicolae_shop_bloodbath_and_beyond,
          shapermc_ecumenical_altar_totnotflames, minmay_tetromino_s4
D:2:      layout_basic, serial_shops, nicolae_square_shop, columned_hall_lemuel,
          uniq_natasha
D:3:      layout_rooms, marbit_many_paths
D:4:      layout_rooms, minmay_temple_entry_glass, gup_sewer_entry_bowl
D:5:      layout_basic, cheibrodos_worm_habitat
Temple:   compressed_dpeg_triangle_lava_temple

Skill      XL: |  1  2  3  4  5 |
---------------+----------------+-----
Fighting       | 1 3 |  3.6
Maces & Flails | 2 4 |  4.5
Throwing       | |  1.7
Stealth        | |  1.7
Shields        | |  2.6
Spellcasting   | |  2.0
Translocations | |  1.0

Action                     |  1- 3 |  4- 6 || total
---------------------------+-------+-------++-------
  Melee: Dagger            |   187 |       ||   187
         Morningstar       |    12 |   204 ||   216
    Use: Scroll            |       |     6 ||     6
         Potion            |       |     1 ||     1
   Stab: Sleeping          |     4 |       ||     4
 Armour: Robe              |    18 |       ||    18
         Plate armour      |   116 |   258 ||   374
  Dodge: Dodged            |    24 |    16 ||    40
  Block: Buckler           |    46 |    71 ||   117

Table legend: (Time is in decaauts)
 A = Elapsed time spent in this place.
 B = Non-inter-level travel time spent in this place.
 C = Inter-level travel time spent in this place.
 D = Time resting spent in this place.
 E = Time spent auto-exploring this place.
 F = Levels seen in this place.
 G = Mean time per level.
                   A        B        C        D        E       F      G
               +--------+--------+--------+--------+--------+-----+--------+
         Total |   2932 |   2852 |     80 |    181 |   1791 |   6 |  488.7 |
       Dungeon |   2880 |   2812 |     68 |    181 |   1791 |   5 |  576.0 |
        Temple |     51 |     39 |     12 |      0 |      0 |   1 |   51.0 |
               +--------+--------+--------+--------+--------+-----+--------+

Top non-repeatable levels by time:
     D:2: 1176 daAuts
     D:1: 716 daAuts
     D:3: 628 daAuts
     D:4: 247 daAuts
     D:5: 112 daAuts
  Temple: 51 daAuts
